| TOP OF THE 1ST |
|
West Michigan Whitecaps batting - Pitching for Kannapolis Intimidators : LHP Randy Eisenmann
|
|
Pitching: LHP Randy Eisenmann
|
|
|
Batting: SHB Willie Medina
|
0-0: Ball 1-0: SINGLE (Line Drive, 4MD, EV 111.2 MPH)
|
|
Batting: RHB Jon Goldstein
|
0-0: Called Strike Willie Medina steals 2nd base 0-1: Swinging Strike 0-2: Foul Ball, location: 2F 0-2: Ball 1-2: Ball 2-2: Strikes out swinging
|
|
Batting: RHB German Quiroga
|
0-0: Called Strike 0-1: Ground out 3-1 (Groundball, 34, EV 85.6 MPH) Willie Medina to third
|
|
Batting: LHB Jamie Christian
|
0-0: Ball 1-0: Called Strike 1-1: Called Strike 1-2: Strikes out swinging
|
| Top of the 1st over - 0 runs, 1 hit, 0 errors, 1 left on base; West Michigan 0 - Kannapolis 0 |
| BOTTOM OF THE 1ST |
|
Kannapolis Intimidators batting - Pitching for West Michigan Whitecaps : LHP Jim Daum
|
|
Pitching: LHP Jim Daum
|
|
|
Batting: RHB Luwen Storm
|
0-0: Called Strike 0-1: Ground out 6-3 (Groundball, 6, EV 83.8 MPH)
|
|
Batting: RHB Mike Warzecha
|
0-0: Called Strike 0-1: Called Strike 0-2: Ball 1-2: Ball 2-2: Foul Ball, location: 2F 2-2: Ball 3-2: Strikes out looking
|
|
Batting: RHB Mark Jones
|
0-0: Ball 1-0: Foul Ball, location: 2F 1-1: Ball 2-1: Ground out 6-3 (Groundball, 6, EV 90.6 MPH)
|
| Bottom of the 1st over - 0 runs, 0 hits, 0 errors, 0 left on base; West Michigan 0 - Kannapolis 0 |
| TOP OF THE 2ND |
|
West Michigan Whitecaps batting - Pitching for Kannapolis Intimidators : LHP Randy Eisenmann
|
|
Batting: RHB Scott Carr
|
0-0: Called Strike 0-1: Ball 1-1: Ball 2-1: Foul Ball, location: 2F 2-2: Ball 3-2: Strikes out swinging
|
|
Batting: LHB George Moran
|
0-0: Called Strike 0-1: Hit by Pitch
|
|
Batting: LHB Jon Pedlar
|
0-0: Ball 1-0: Ball 2-0: Ball 3-0: Called Strike 3-1: Grounds into double play, 5-4-3 (Groundball, 5, EV 83.1 MPH)
|
| Top of the 2nd over - 0 runs, 0 hits, 0 errors, 0 left on base; West Michigan 0 - Kannapolis 0 |
| BOTTOM OF THE 2ND |
|
Kannapolis Intimidators batting - Pitching for West Michigan Whitecaps : LHP Jim Daum
|
|
Batting: LHB Herkko Haavikko
|
0-0: Foul Ball, location: 2F 0-1: Ball 1-1: Foul Ball, location: 2F 1-2: Strikes out swinging
|
|
Batting: RHB Nick Kleckner
|
0-0: Ground out U3 (Groundball, 3S, EV 92.5 MPH)
|
|
Batting: RHB Armando Vazquez
|
0-0: Swinging Strike 0-1: Ball 1-1: Ball 2-1: Ball 3-1: Foul Ball, location: 2F 3-2: Strikes out swinging
|
| Bottom of the 2nd over - 0 runs, 0 hits, 0 errors, 0 left on base; West Michigan 0 - Kannapolis 0 |
| TOP OF THE 3RD |
|
West Michigan Whitecaps batting - Pitching for Kannapolis Intimidators : LHP Randy Eisenmann
|
|
Batting: LHB Steve Herrera
|
0-0: Foul Ball, location: 2F 0-1: Ground out 4-3 (Groundball, 34, EV 86.9 MPH)
|
|
Batting: RHB Yaremka Rzhevsky
|
0-0: Ball 1-0: Ball 2-0: Ball 3-0: Called Strike 3-1: Swinging Strike 3-2: Ground out 5-3 (Groundball, 5S, EV 87.5 MPH)
|
|
Batting: SHB Willie Medina
|
0-0: Called Strike 0-1: Ball 1-1: Ball 2-1: Swinging Strike 2-2: Strikes out swinging
|
| Top of the 3rd over - 0 runs, 0 hits, 0 errors, 0 left on base; West Michigan 0 - Kannapolis 0 |
| BOTTOM OF THE 3RD |
|
Kannapolis Intimidators batting - Pitching for West Michigan Whitecaps : LHP Jim Daum
|
|
Batting: SHB Jose Castillo
|
0-0: Ball 1-0: Called Strike 1-1: Ball 2-1: Foul Ball, location: 2F 2-2: Foul Ball, location: 2F 2-2: Fly out, F8 (Flyball, 8LD, EV 86.9 MPH)
|
|
Batting: RHB Jose Marquez
|
0-0: Ball 1-0: Called Strike 1-1: Ground out 4-3 (Groundball, 4, EV 76.9 MPH)
|
|
Batting: RHB Dunlang Clark
|
0-0: Ball 1-0: Foul Ball, location: 2F 1-1: Called Strike 1-2: Strikes out swinging
|
| Bottom of the 3rd over - 0 runs, 0 hits, 0 errors, 0 left on base; West Michigan 0 - Kannapolis 0 |
| TOP OF THE 4TH |
|
West Michigan Whitecaps batting - Pitching for Kannapolis Intimidators : LHP Randy Eisenmann
|
|
Batting: RHB Jon Goldstein
|
0-0: Called Strike 0-1: Foul Ball, location: 2F 0-2: Strikes out swinging
|
|
Batting: RHB German Quiroga
|
0-0: Ball 1-0: Ground out 4-3 (Groundball, 4, EV 81.9 MPH)
|
|
Batting: LHB Jamie Christian
|
0-0: Foul Ball, location: 2F 0-1: Ground out U3 (Groundball, 3, EV 93.1 MPH)
|
| Top of the 4th over - 0 runs, 0 hits, 0 errors, 0 left on base; West Michigan 0 - Kannapolis 0 |
| BOTTOM OF THE 4TH |
|
Kannapolis Intimidators batting - Pitching for West Michigan Whitecaps : LHP Jim Daum
|
|
Batting: RHB Luwen Storm
|
0-0: Called Strike 0-1: Ball 1-1: Swinging Strike 1-2: Ball 2-2: Foul Ball, location: 2F 2-2: Ball 3-2: Foul Ball, location: 2F 3-2: Base on Balls
|
|
Batting: RHB Mike Warzecha
|
0-0: Foul Ball, location: 2F 0-1: Hit by Pitch Luwen Storm to second
|
|
Batting: RHB Mark Jones
|
0-0: Ball 1-0: Ball 2-0: Called Strike 2-1: Grounds into double play, 6-4-3 (Groundball, 6, EV 84.4 MPH) Luwen Storm to third
|
|
Batting: LHB Herkko Haavikko
|
0-0: Ball 1-0: Called Strike 1-1: Ball 2-1: Called Strike 2-2: Foul Ball, location: 2F 2-2: Strikes out looking
|
| Bottom of the 4th over - 0 runs, 0 hits, 0 errors, 1 left on base; West Michigan 0 - Kannapolis 0 |
| TOP OF THE 5TH |
|
West Michigan Whitecaps batting - Pitching for Kannapolis Intimidators : LHP Randy Eisenmann
|
|
Batting: RHB Scott Carr
|
0-0: Ball 1-0: Ball 2-0: Foul Ball, location: 2F 2-1: Ground out 6-3 (Groundball, 6S, EV 64.4 MPH)
|
|
Batting: LHB George Moran
|
0-0: Ball 1-0: Ball 2-0: Swinging Strike 2-1: SINGLE (Groundball, 25, EV 70.6 MPH) (infield hit)
|
|
Batting: LHB Jon Pedlar
|
0-0: Ball 1-0: Foul Ball, location: 2F 1-1: Called Strike 1-2: Fly out, F6 (Line Drive, 6MD, EV 72.5 MPH)
|
|
Batting: LHB Steve Herrera
|
0-0: Ball 1-0: Ball George Moran steals 2nd base 2-0: Ball 3-0: Called Strike 3-1: SINGLE (Flyball, 89S, EV 84.4 MPH) George Moran to third Runner from 3rd tries for Home, SAFE, throw by RF to home
|
|
Batting: RHB Yaremka Rzhevsky
|
0-0: Ball 1-0: Ball 2-0: Ball 3-0: Swinging Strike 3-1: Foul Ball, location: 2F 3-2: Strikes out looking
|
| Top of the 5th over - 1 run, 2 hits, 0 errors, 1 left on base; West Michigan 1 - Kannapolis 0 |
| BOTTOM OF THE 5TH |
|
Kannapolis Intimidators batting - Pitching for West Michigan Whitecaps : LHP Jim Daum
|
|
Batting: RHB Nick Kleckner
|
0-0: Called Strike 0-1: Ball 1-1: Swinging Strike 1-2: Foul Ball, location: 2F 1-2: Strikes out swinging
|
|
Batting: RHB Armando Vazquez
|
0-0: Ball 1-0: Foul Ball, location: 2F 1-1: Called Strike 1-2: Strikes out looking
|
|
Batting: SHB Jose Castillo
|
0-0: Fly out, F7 (Line Drive, 7, EV 97.5 MPH)
|
| Bottom of the 5th over - 0 runs, 0 hits, 0 errors, 0 left on base; West Michigan 1 - Kannapolis 0 |
| TOP OF THE 6TH |
|
West Michigan Whitecaps batting - Pitching for Kannapolis Intimidators : LHP Randy Eisenmann
|
|
Batting: SHB Willie Medina
|
0-0: Called Strike 0-1: Foul Ball, location: 2F 0-2: Ground out 3-1 (Groundball, 34, EV 89.4 MPH)
|
|
Batting: RHB Jon Goldstein
|
0-0: Ball 1-0: Ball 2-0: Ball 3-0: Called Strike 3-1: Foul Ball, location: 2F 3-2: Strikes out swinging
|
|
Batting: RHB German Quiroga
|
0-0: Fly out, F3 (Popup, 3F, EV 73.8 MPH)
|
| Top of the 6th over - 0 runs, 0 hits, 0 errors, 0 left on base; West Michigan 1 - Kannapolis 0 |
| BOTTOM OF THE 6TH |
|
Kannapolis Intimidators batting - Pitching for West Michigan Whitecaps : LHP Jim Daum
|
|
Batting: RHB Jose Marquez
|
0-0: Foul Ball, location: 2F 0-1: Ball 1-1: Ball 2-1: Ball 3-1: Called Strike 3-2: SINGLE (Line Drive, 9LS, EV 105.6 MPH)
|
|
Batting: RHB Dunlang Clark
|
0-0: Swinging Strike 0-1: Ball 1-1: Ball 2-1: Foul Ball, location: 2F 2-2: Foul Ball, location: 2F 2-2: Ball 3-2: Foul Ball, location: 2F 3-2: Foul Ball, location: 2F 3-2: Fly out, F9 (Flyball, 89M, EV 87.5 MPH)
|
|
Batting: RHB Luwen Storm
|
0-0: Ball 1-0: Called Strike 1-1: Foul Ball, location: 2F 1-2: Ball 2-2: SINGLE (Groundball, 6MD, EV 102.5 MPH) Jose Marquez to second Runner from 2nd tries for 3rd, SAFE, throw by CF made to third Luwen Storm to second
|
|
Batting: RHB Mike Warzecha
|
0-0: Ball 1-0: Ball 2-0: Called Strike 2-1: Ball 3-1: Base on Balls
|
|
Batting: RHB Mark Jones
|
0-0: Ball 1-0: Ball 2-0: Ball 3-0: Base on Balls Jose Marquez scores Luwen Storm to third Mike Warzecha to second
|
|
Batting: LHB Herkko Haavikko
|
0-0: Called Strike 0-1: Foul Ball, location: 2F 0-2: Ball 1-2: Fly out, F9 (Flyball, 9LS, EV 88.8 MPH)
|
|
Batting: RHB Nick Kleckner
|
0-0: Ball 1-0: Foul Ball, location: 2F 1-1: Called Strike 1-2: Foul Ball, location: 2F 1-2: Strikes out looking
|
| Bottom of the 6th over - 1 run, 2 hits, 0 errors, 3 left on base; West Michigan 1 - Kannapolis 1 |
| TOP OF THE 7TH |
|
West Michigan Whitecaps batting - Pitching for Kannapolis Intimidators : LHP Randy Eisenmann
|
|
Batting: LHB Jamie Christian
|
0-0: DOUBLE (Flyball, 8LXD, EV 106.2 MPH)
|
|
Batting: RHB Scott Carr
|
0-0: Called Strike 0-1: Called Strike 0-2: Ball 1-2: Ground out 1-3 (Groundball, 13S, EV 67.5 MPH) Jamie Christian to third
|
|
Batting: LHB George Moran
|
0-0: Ground out 5-3 (Groundball, 25, EV 61.9 MPH)
|
|
Batting: LHB Jon Pedlar
|
0-0: Ground out 4-3 (Groundball, 4M, EV 88.1 MPH)
|
| Top of the 7th over - 0 runs, 1 hit, 0 errors, 1 left on base; West Michigan 1 - Kannapolis 1 |
| BOTTOM OF THE 7TH |
|
Kannapolis Intimidators batting - Pitching for West Michigan Whitecaps : LHP Jim Daum
|
|
Batting: RHB Armando Vazquez
|
0-0: Foul Ball, location: 2F 0-1: Ball 1-1: Ball 2-1: Ball 3-1: Fly out, F6 (Popup, 4MD, EV 58.1 MPH)
|
|
Pitching: RHP Jorge Castaneda
|
|
|
Batting: SHB Jose Castillo
|
0-0: Called Strike 0-1: Foul Ball, location: 2F 0-2: Foul Ball, location: 2F 0-2: Strikes out swinging
|
|
Batting: RHB Jose Marquez
|
0-0: Ball 1-0: Ball 2-0: Swinging Strike 2-1: Ground out 1-3 (Groundball, 34S, EV 71.9 MPH)
|
| Bottom of the 7th over - 0 runs, 0 hits, 0 errors, 0 left on base; West Michigan 1 - Kannapolis 1 |
| TOP OF THE 8TH |
|
West Michigan Whitecaps batting - Pitching for Kannapolis Intimidators : LHP Randy Eisenmann
|
|
Batting: LHB Steve Herrera
|
0-0: Ball 1-0: Called Strike 1-1: Foul Ball, location: 2F 1-2: Ball 2-2: Foul Ball, location: 2F 2-2: Strikes out swinging
|
|
Batting: RHB Yaremka Rzhevsky
|
0-0: Ball 1-0: Called Strike 1-1: Foul Ball, location: 2F 1-2: Strikes out swinging
|
|
Batting: SHB Willie Medina
|
0-0: Ground out U3 (Groundball, 3, EV 103.1 MPH)
|
| Top of the 8th over - 0 runs, 0 hits, 0 errors, 0 left on base; West Michigan 1 - Kannapolis 1 |
| BOTTOM OF THE 8TH |
|
Kannapolis Intimidators batting - Pitching for West Michigan Whitecaps : RHP Jorge Castaneda
|
|
Pinch Hitting: LHB James Groshong
|
0-0: Ball 1-0: DOUBLE (Groundball, 3L, EV 104.4 MPH)
|
|
Batting: RHB Luwen Storm
|
0-0: Ball 1-0: Ball 2-0: Called Strike 2-1: Bunted foul 2-2: Strikes out looking
|
|
Batting: RHB Mike Warzecha
|
0-0: Called Strike 0-1: Ground out U3 (Groundball, 3L, EV 84.4 MPH) James Groshong to third
|
|
Batting: RHB Mark Jones
|
0-0: Ball 1-0: Called Strike 1-1: Foul Ball, location: 2F 1-2: Foul Ball, location: 2F 1-2: Foul Ball, location: 2F 1-2: Ground out 6-3 (Groundball, 6, EV 99.4 MPH)
|
| Bottom of the 8th over - 0 runs, 1 hit, 0 errors, 1 left on base; West Michigan 1 - Kannapolis 1 |
| TOP OF THE 9TH |
|
West Michigan Whitecaps batting - Pitching for Kannapolis Intimidators : LHP Randy Eisenmann
|
|
Now at C: Joselito Santos
|
|
|
Batting: RHB Jon Goldstein
|
0-0: Foul Ball, location: 2F 0-1: Called Strike 0-2: Ball 1-2: Strikes out swinging
|
|
Pitching: RHP Chris Worster
|
|
|
Batting: RHB German Quiroga
|
0-0: Swinging Strike 0-1: Foul Ball, location: 2F 0-2: Foul Ball, location: 2F 0-2: Strikes out swinging
|
|
Batting: LHB Jamie Christian
|
0-0: Ground out 5-3 (Groundball, 56S, EV 91.2 MPH)
|
| Top of the 9th over - 0 runs, 0 hits, 0 errors, 0 left on base; West Michigan 1 - Kannapolis 1 |
| BOTTOM OF THE 9TH |
|
Kannapolis Intimidators batting - Pitching for West Michigan Whitecaps : RHP Jorge Castaneda
|
|
Pitching: LHP Jesse Turner
|
|
|
Pinch Hitting: RHB Duncan Collins
|
0-0: Called Strike 0-1: Ball 1-1: Foul Ball, location: 2F 1-2: Strikes out swinging, 2-3 out at first.
|
|
Batting: RHB Nick Kleckner
|
0-0: Ball 1-0: Called Strike 1-1: Swinging Strike 1-2: Strikes out swinging
|
|
Batting: RHB Armando Vazquez
|
0-0: Called Strike 0-1: Foul Ball, location: 2F 0-2: Ball 1-2: Strikes out looking
|
| Bottom of the 9th over - 0 runs, 0 hits, 0 errors, 0 left on base; West Michigan 1 - Kannapolis 1 |
| TOP OF THE 10TH |
|
West Michigan Whitecaps batting - Pitching for Kannapolis Intimidators : RHP Chris Worster
|
|
Now in LF: Duncan Collins
|
|
|
Batting: LHB Nick Swank
|
0-0: Called Strike 0-1: Ball 1-1: Swinging Strike 1-2: Foul Ball, location: 2F 1-2: Foul Ball, location: 2F 1-2: Foul Ball, location: 2F 1-2: Ball 2-2: Ball 3-2: Base on Balls
|
|
Batting: LHB George Moran
|
0-0: Sac Bunt to 13S - play at first, batter OUT! 1-4 Nick Swank to second
|
|
Batting: LHB Jon Pedlar
|
0-0: Intentional Walk
|
|
Batting: LHB Steve Herrera
|
0-0: Ball 1-0: Called Strike 1-1: Ball 2-1: Swinging Strike 2-2: Strikes out swinging
|
|
Batting: RHB Yaremka Rzhevsky
|
0-0: Ground out 4-3 (Groundball, 4S, EV 68.1 MPH)
|
| Top of the 10th over - 0 runs, 0 hits, 0 errors, 2 left on base; West Michigan 1 - Kannapolis 1 |
| BOTTOM OF THE 10TH |
|
Kannapolis Intimidators batting - Pitching for West Michigan Whitecaps : LHP Jesse Turner
|
|
Pitching: RHP Tony Kepp
|
|
|
Batting: SHB Jose Castillo
|
0-0: Called Strike 0-1: Foul Ball, location: 2F 0-2: Strikes out swinging
|
|
Pinch Hitting: SHB Ethan Villalobos
|
0-0: Foul Ball, location: 2F 0-1: Fly out, F9 (Line Drive, 89S, EV 91.2 MPH)
|
|
Pinch Hitting: LHB Vinny Siebecker
|
0-0: Ball 1-0: Foul Ball, location: 2F 1-1: Ball 2-1: Ball 3-1: Base on Balls
|
|
Batting: RHB Luwen Storm
|
0-0: Ball 1-0: Swinging Strike 1-1: Ball 2-1: Ball 3-1: Base on Balls Vinny Siebecker to second
|
|
Batting: RHB Mike Warzecha
|
0-0: Foul Ball, location: 2F 0-1: Ball 1-1: Swinging Strike 1-2: Fly out, F8 (Flyball, 8RD, EV 99.4 MPH)
|
| Bottom of the 10th over - 0 runs, 0 hits, 0 errors, 2 left on base; West Michigan 1 - Kannapolis 1 |
| TOP OF THE 11TH |
|
West Michigan Whitecaps batting - Pitching for Kannapolis Intimidators : RHP Chris Worster
|
|
Pitching: RHP Nate Myers
|
|
|
Now at C: Jerry Edmiston
|
|
|
Now at SS: Santos Guadalupe
|
|
|
Batting: SHB Willie Medina
|
0-0: Called Strike 0-1: Ball 1-1: Ball 2-1: Ball 3-1: Foul Ball, location: 2F 3-2: Foul Ball, location: 2F 3-2: SINGLE (Line Drive, 7LS, EV 86.9 MPH)
|
|
Batting: RHB Jon Goldstein
|
0-0: Ball Willie Medina steals 2nd base 1-0: Ground out 1-3 (Groundball, 15, EV 74.4 MPH)
|
|
Batting: RHB German Quiroga
|
0-0: Called Strike 0-1: Ball 1-1: Called Strike Willie Medina steals 3rd, throwing error, E2 Willie Medina scores 1-2: Ball 2-2: Ball 3-2: SINGLE (Groundball, 34S, EV 68.8 MPH) (infield hit)
|
|
Pinch Runner at 1st Joe Zimmerman:
|
|
|
Batting: LHB Jamie Christian
|
0-0: Called Strike 0-1: Called Strike 0-2: Ball 1-2: Ball 2-2: Grounds into double play, 4-6-3 (Groundball, 34, EV 100.6 MPH)
|
| Top of the 11th over - 1 run, 2 hits, 1 error, 0 left on base; West Michigan 2 - Kannapolis 1 |
| BOTTOM OF THE 11TH |
|
Kannapolis Intimidators batting - Pitching for West Michigan Whitecaps : RHP Tony Kepp
|
|
Now at 3B: Joe Zimmerman
|
|
|
Batting: RHB Mark Jones
|
0-0: Swinging Strike 0-1: Ball 1-1: Ball 2-1: Ball 3-1: Swinging Strike 3-2: Foul Ball, location: 2F 3-2: Strikes out looking
|
|
Batting: RHB Duncan Collins
|
0-0: Called Strike 0-1: Foul Ball, location: 2F 0-2: Ball 1-2: Foul Ball, location: 2F 1-2: Ball 2-2: Strikes out swinging
|
|
Batting: RHB Nick Kleckner
|
0-0: Ball 1-0: Foul Ball, location: 2F 1-1: Ball 2-1: Fly out, F8 (Line Drive, 8LD, EV 89.4 MPH)
|
| Bottom of the 11th over - 0 runs, 0 hits, 0 errors, 0 left on base; West Michigan 2 - Kannapolis 1 |
|